 Dungeon Crawl Stone Soup version 0.28-a0-43-g560ac104fe (webtiles) character file.

Game seed: 16431405812772488347

118 Spaninq the Sneak (level 5, -2/39 (42) HPs)
             Began as a Naga Enchanter on July 28, 2021.
             Slain by a wight (12 damage)
             ... on level 4 of the Dungeon.
             The game lasted 00:09:17 (3373 turns).

Spaninq the Sneak (Naga Enchanter)                  Turns: 3373, Time: 00:09:18

HP:   -2/39 (42)    AC:  4    Str: 10    XL:     5   Next: 2%
MP:   3/8           EV:  9    Int: 15    God:
Gold: 126           SH:  0    Dex: 13    Spells: 2/8 levels left

rFire   x . .      SeeInvis +   a - +1 dagger
rCold   + + .      Faith    .   (no shield)
rNeg    . . .      Spirit   .   h - +1 leather armour {rC+}
rPois   +          Reflect  .   (no helmet)
rElec   .          Harm     .   (no cloak)
rCorr   +          Rampage  .   (no gloves)
Will    .....                   (no barding)
Stlth   +++.......              (no amulet)
HPRegen 0.13/turn               f - ring of ice
MPRegen 0.11/turn               c - ring of resist corrosion

@: confusing by touch, drained, very slow
A: AC +1, large, see invisible, deformed body, poison resistance, slowness 2,
spit poison 1, naga tail 1
a: Spit Poison


You were on level 4 of the Dungeon.
You visited 1 branch of the dungeon, and saw 4 of its levels.

You collected 126 gold pieces.

Inventory:

Hand Weapons
 a - a +1 dagger (weapon)
Armour
 h - a +1 leather armour of cold resistance (worn)
Jewellery
 c - a ring of resist corrosion (right hand)
 f - a ring of ice (left hand)
 j - a +4 ring of slaying
Scrolls
 b - a scroll of identify {unknown}
 e - 2 scrolls of vulnerability {unknown}
 g - a scroll of enchant armour {unknown}
 i - a scroll of magic mapping {unknown}
Potions
 d - a potion of lignification {unknown}
 k - a potion of heal wounds {unknown}
 l - a potion of haste {unknown}


   Skills:
 + Level 2.2 Short Blades
 - Level 1.5 Dodging
 * Level 6.7 Stealth
 - Level 2.0 Spellcasting
 + Level 3.7 Hexes
 + Level 0.9 Ice Magic


You had 2 spell levels left.
You knew the following spells:

 Your Spells              Type           Power      Damage    Failure   Level
a - Corona                Hex            13%        N/A       7%          1
b - Ensorcelled Hibernat  Hex/Ice        24%        N/A       17%         2
c - Confusing Touch       Hex            12%        N/A       21%         3

Your spell library contained the following spells:

 Spells                   Type           Power      Damage    Failure   Level
 Shock                    Conj/Air       4%         1d3       30%         1
 Sublimation of Blood     Necr           0%         N/A       41%         2
 Wereblood                Tmut           1%         N/A       41%         2
 Tukima's Dance           Hex            12%        N/A       21%         3
 Dazzling Flash           Conj/Hex       14%        N/A       38%         3
 Airstrike                Air            0%         N/A       96%         4
 Summon Lightning Spire   Summ/Air       1%         N/A       96%         4
 Lightning Bolt           Conj/Air       0%         1d11      100%        5
 Summon Hydra             Summ           0%         N/A       100%        7


Dungeon Overview and Level Annotations

Branches:
Dungeon (4/15)
 Temple: D:4-7

Altars:
The Shining One


Innate Abilities, Weirdness & Mutations

Your serpentine skin is tough. (AC +1)
You have supernaturally acute eyesight. (SInv)
Armour fits poorly on your strangely shaped body.
Your system is resistant to poisons. (rPois)
You cover ground very slowly.
You can spit poison.
You have a snake-like lower body.


Message History

You kill the worm!
You have reached level 5!
You start resting.
Your magical contamination has completely faded away.
You start resting.
Magic restored.
You start resting.
HP restored.
You see here a worm corpse.
You open the door. 3 wights come into view.
Casting: Ensorcelled Hibernation (safe; 17% risk of failure)
Confirm with . or Enter, or press ? or * to list all spells.
The spell is quite dangerous to cast (21% risk of failure)!
Continue anyway?
Your hands begin to glow red.
You hit the wight but do no damage.
The wight hits you with a +0 morningstar!
You barely miss the wight. The wight barely misses you.
The wight hits you from afar with a +3 trident!
You feel drained.
You hit the wight but do no damage.
The wight appears confused.
The wight hits you from afar with a +3 trident!
You feel drained.
The wight barely misses the wight.
Casting: Confusing Touch (quite dangerous; 21% risk of failure)
Confirm with . or Enter, or press ? or * to list all spells.
The spell is quite dangerous to cast (21% risk of failure)!
Continue anyway? [Y]es or [N]o only, please.
The spell is quite dangerous to cast (21% risk of failure)!
Continue anyway?
Your hands begin to glow red.
The wight hits you from afar with a +3 trident.
* * * LOW HITPOINT WARNING * * *
You feel drained.
* * * LOW HITPOINT WARNING * * *
You hit the wight but do no damage. The wight closely misses you.
The wight hits you with a +2 flail.
* * * LOW HITPOINT WARNING * * *
You hit the wight but do no damage. The wight barely misses you.
The wight hits you from afar with a +3 trident!
You die...

####.#.#..z #.#
........##^#.#
.......##.#.#
.........#.###
..... ..... ...
... #z# #.#
######.#### #.#
#.....@z..# #.#
#.........# #.#
#.....†...# #.#
######'#### #.#
#.# #.#
###'######.#
#..........#
#......#####
#######......#####


You could see 2 wights.

Vanquished Creatures
  A hound skeleton (D:3)
  6 adders
  A worm (D:4)
  2 endoplasms
  4 giant cockroaches
  5 goblins
  6 hobgoblins
  8 kobolds
  2 quokkas
  4 ball pythons
  2 bats
  5 frilled lizards
  6 rats
52 creatures vanquished.

Vanquished Creatures (others)
  A kobold (D:1)
  A frilled lizard (D:1)
  2 fungi (D:2)
  A plant (D:2)
5 creatures vanquished.

Grand Total: 57 creatures vanquished

Notes
Turn   | Place    | Note
-------+----------+-------------------------------------------
     0 | D:1      | Spaninq the Naga Enchanter began the quest for the Orb.
     0 | D:1      | Reached XP level 1. HP: 15/15 MP: 3/3
   499 | D:1      | Reached XP level 2. HP: 22/22 MP: 5/5
   508 | D:1      | Learned a level 2 spell: Ensorcelled Hibernation
   576 | D:1      | Reached skill level 5 in Stealth
  1622 | D:2      | Reached XP level 3. HP: 28/28 MP: 6/6
  1915 | D:2      | Reached skill level 6 in Stealth
  2006 | D:2      | Reached XP level 4. HP: 36/36 MP: 0/7
  2129 | D:2      | Found a glowing golden altar of the Shining One.
  2152 | D:2      | Found a faded altar of an unknown god.
  2252 | D:2      | Got Plato's Catalogue of Flight
  3242 | D:4      | Learned a level 3 spell: Confusing Touch
  3267 | D:4      | Reached XP level 5. HP: 29/42 MP: 1/8
  3373 | D:4      | Slain by a wight

Illustrated notes

Levels and vault maps discovered:
D:1:      psy_arrival_radial01, layout_loops_corners, minmay_misc_feat_five,
          lemuel_flame_loot_1
D:2:      layout_rooms, basic_altar, shapermc_ecumenical_altar_rom_forum,
          minmay_misc_feat_plants
D:3:      layout_basic
D:4:      layout_basic

Skill      XL: |  1  2  3  4 |
---------------+-------------+-----
Stealth        | 5 6 |  6.7
Short Blades   | 2 |  2.2
Dodging        | |  1.5
Spellcasting   | |  2.0
Hexes          | |  3.7
Ice Magic      | |  0.9

Action                   |  1- 3 |  4- 6 || total
-------------------------+-------+-------++-------
Melee: Dagger            |    56 |    23 ||    79
 Cast: Ensorcelled Hiber |    18 |     7 ||    25
       Confusing Touch   |       |     2 ||     2
 Abil: Spit Poison       |    17 |     5 ||    22
 Stab: Sleeping          |    20 |    10 ||    30
Armor: Robe              |     2 |     3 ||     5
       Leather armour    |       |     3 ||     3
Dodge: Dodged            |    26 |    13 ||    39

Table legend: (Time is in decaauts)
 A = Elapsed time spent in this place.
 B = Non-inter-level travel time spent in this place.
 C = Inter-level travel time spent in this place.
 D = Time resting spent in this place.
 E = Time spent auto-exploring this place.
 F = Levels seen in this place.
 G = Mean time per level.
                   A        B        C        D        E       F      G
               +--------+--------+--------+--------+--------+-----+--------+
         Total |   4204 |   4058 |    146 |    905 |   2557 |   4 | 1051.0 |
       Dungeon |   4204 |   4058 |    146 |    905 |   2557 |   4 | 1051.0 |
               +--------+--------+--------+--------+--------+-----+--------+

Top non-repeatable levels by time:
     D:1: 1995 daAuts
     D:2: 1077 daAuts
     D:3: 953 daAuts
     D:4: 179 daAuts
